Lightning vs Panthers

Created - 11 mars 2021 at 20:38

Goals
1 2 3 T
Lightning 1 1 0 2
Panthers 2 1 4 7
Shots
1 2 3 T
Lightning 9 13 6 28
Panthers 14 11 14 39

1st period

1. Panthers , Matthew Tkachuk 19 (Jonathan Huberdeau 26, Aleksander Barkov 53) at 5:05
2. Lightning , Travis Zajac 18 (Erik Gudbranson 19) at 9:29
3. Panthers , Dylan Larkin 26 (Quinn Hughes 53, Sebastian Aho 51) at 11:36

Penalties :
Charlie McAvoy (FLA) for Hooking (Minor) at 17:53

2nd period

4. Lightning , Logan Couture 28 (Jeff Carter 27, William Karlsson 41) at 12:09
5. Panthers , Alex Ovechkin 36 (Sebastian Aho 52, Dylan Larkin 44) at 19:48 (PP)

Penalties :
Jean-Gabriel Pageau (FLA) for Hooking (Minor) at 3:48, Zdeno Chara (FLA) for Tripping (Minor) at 8:31, Jason Demers (TBL) for Interference (Minor) at 15:17, Jeff Carter (TBL) for Holding (Minor) at 19:17

3rd period

6. Panthers , Sebastian Aho 26 (Samuel Girard 33) at 0:16
7. Panthers , Matthew Tkachuk 20 (Charlie McAvoy 29, Aleksander Barkov 54) at 8:51
8. Panthers , Andrew Copp 13 (Quinn Hughes 54, Jean-Gabriel Pageau 15) at 9:10
9. Panthers , Jeff Petry 8 (Aleksander Barkov 55, Quinn Hughes 55) at 9:48

Penalties :
Erik Gudbranson (TBL) for Roughing (Minor) at 3:00, Kevin Shattenkirk (TBL) for Slashing (Minor) at 11:27

Goalie Stats

Elvis Merzlikins (TBL), 8 saves from 8 shots - (1,000), 10:12 minutes
Jaroslav Halak (TBL), 24 saves from 31 shots - (0,774), L, 32-16-4, 49:48 minutes
Philipp Grubauer (FLA), 26 saves from 28 shots - (0,929), W, 9-2-4, 60:00 minutes

Players Stats for Lightning

Player Name              G  A  P  +/- PIM S  H  SB GA TA FO     MP     PP MP  PK MP  
------------------------------------------------------------------------------------
Alex Killorn             0  0  0  -1  0   0  3  2  0  0  1/2    20:56   3:19   0:18 
Alexander Edler          0  0  0  -2  0   1  0  2  0  0  0/0    23:40   2:45   3:31 
Erik Gudbranson          0  1  1  -1  2   0  4  1  0  0  0/0    15:58   0:00   0:59 
Frederik Gauthier        0  0  0  -1  0   0  0  0  0  0  4/9     4:07   0:00   1:01 
Jason Demers             0  0  0  -1  2   1  1  1  0  0  0/0    19:55   3:12   1:33 
Jeff Carter              0  1  1   0  2   2  3  1  0  0  0/0    17:54   2:31   0:00 
Jeff Skinner             0  0  0  -2  0   3  0  0  0  0  0/0    12:48   0:00   1:02 
Joonas Donskoi           0  0  0  -1  0   2  1  0  0  0  0/3    20:58   2:38   1:01 
Kevin Shattenkirk        0  0  0  -2  2   2  0  0  0  0  0/0    22:06   2:45   1:58 
Logan Couture            1  0  1   0  0   5  1  0  0  0  0/2    18:29   2:41   0:24 
Pierre-Edouard Bellemare 0  0  0  -1  0   1  0  0  0  0  0/0     7:37   0:07   4:24 
Ryan Lindgren            0  0  0   0  0   0  0  0  0  0  0/0     0:35   0:00   0:35 
Sidney Crosby            0  0  0  -2  0   4  3  0  0  0  14/26  23:44   3:19   0:00 
Travis Zajac             1  0  1  -2  0   1  1  0  0  0  11/24  17:10   0:38   4:46 
Trevor Daley             0  0  0  -1  0   0  0  1  0  0  0/0    16:03   0:00   1:03 
William Karlsson         0  1  1   0  0   4  0  1  0  0  12/26  18:02   2:38   0:00 
Zach Bogosian            0  0  0  -1  0   1  2  2  0  0  0/0    21:40   3:12   3:17 
Zack Kassian             0  0  0  -2  0   1  2  0  0  0  0/1    11:46   0:00   0:00 

Players Stats for Panthers

Player Name              G  A  P  +/- PIM S  H  SB GA TA FO     MP     PP MP  PK MP  
------------------------------------------------------------------------------------
Aleksander Barkov        0  3  3   2  0   1  0  0  0  0  10/21  18:56   2:37   0:41 
Alex Ovechkin            1  0  1   2  0   2  2  0  0  0  0/1    19:17   3:51   0:22 
Andrew Copp              1  0  1   0  0   3  1  0  0  0  1/3    12:54   0:00   1:03 
Charlie McAvoy           0  1  1   2  2   0  1  3  0  0  0/0    13:57   0:00   2:26 
Colton Parayko           0  0  0   1  0   4  0  0  0  0  0/0    20:59   3:28   0:00 
Derek Grant              0  0  0   0  0   2  0  0  0  0  4/5     6:37   0:00   1:35 
Dylan Larkin             1  1  2   2  0   4  1  0  0  0  19/28  18:55   3:51   0:00 
Jean-Gabriel Pageau      0  1  1   0  2   3  3  0  0  0  10/21  14:28   0:00   2:38 
Jeff Petry               1  0  1   1  0   2  1  1  0  0  0/0    24:00   3:00   2:21 
Jonathan Huberdeau       0  1  1   2  0   1  1  0  0  0  0/2    18:15   2:37   0:00 
Matt Calvert             0  0  0   0  0   0  0  0  0  0  0/0     6:37   0:00   1:35 
Matthew Tkachuk          2  0  2   2  0   4  3  0  0  0  1/3    18:15   2:37   0:00 
Nate Thompson            0  0  0   0  0   1  0  0  0  0  6/7     5:02   0:00   0:00 
Oskar Sundqvist          0  0  0   0  0   2  2  1  0  0  0/1    15:51   0:00   4:00 
Quinn Hughes             0  3  3   1  0   1  0  0  0  0  0/0    24:36   3:00   3:04 
Samuel Girard            0  1  1   1  0   3  0  0  0  0  0/0    22:35   3:28   1:36 
Sebastian Aho            1  2  3   2  0   6  1  0  0  0  0/1    18:55   3:51   0:00 
Zdeno Chara              0  0  0   2  2   0  0  1  0  0  0/0    13:51   0:00   2:27 

3 Stars

1 - Matthew Tkachuk (FLA)
2 - Sebastian Aho (FLA)
3 - Dylan Larkin (FLA)

Power Play

Lightning - 0 on 3 Attempt(s) - 0,00%
Panthers - 1 on 4 Attempt(s) - 25,00%

Penalty Kill

Lightning - 3 on 4 Attempt(s) - 75,00% - Score 0 goal in Penalty Kill
Panthers - 3 on 3 Attempt(s) - 100,00% - Score 0 goal in Penalty Kill

Team Stat

Lightning - Hits : 21 - Faceoff Wins : 42 - Blocked Shots : 11 - Penalty Minutes : 8
Panthers - Hits : 16 - Faceoff Wins : 51 - Blocked Shots : 6 - Penalty Minutes : 6

Official

Referees : Brad Meier and Andrew Howard
Linesman : Jesse Marquis and Brent Colby

Game Notes

Elvis Merzlikins enters game at 9:48 of 3rd period

Finance

Level 1 -- Attendance: 6000 (100,00%) -- Ticket Income 750 000 $
Level 2 -- Attendance: 5000 (100,00%) -- Ticket Income 450 000 $
Level 3 -- Attendance: 3363 (96,09%) -- Ticket Income 235 410 $
Level 4 -- Attendance: 2510 (66,93%) -- Ticket Income 97 890 $
Luxury Box -- Attendance: 980 (98,00%) -- Ticket Income 220 500 $
Game was played at the BBT Center.
Total Attendance: 17853 (92,74%)
Total Ticket Income: 1 753 800 $
Other Income: 859 362 $
Total Income: 2 613 162 $

% Time on Ice - Lightning

Lines # - Real PCT - Wanted PCT - Time Play
Normal Forward
1 - 36% - 40% - 17:19
2 - 32% - 36% - 15:24
3 - 25% - 17% - 11:46
4 - 7% - 7% - 3:06
Normal Defense
1 - 35% - 40% - 16:40
2 - 32% - 30% - 15:11
3 - 32% - 20% - 15:00
4 - 2% - 10% - 0:44
PP Forward
1 - 56% - 55% - 3:19
2 - 44% - 45% - 2:38
PP Defense
1 - 46% - 50% - 2:45
2 - 54% - 50% - 3:12
PK Forward
1 - 84% - 60% - 5:27
2 - 16% - 40% - 1:01
PK Defense
1 - 47% - 60% - 3:03
2 - 53% - 40% - 3:25
PK3 Forward
1 - 0% - 60%
2 - 0% - 40%
PK3 Defense
1 - 0% - 60%
2 - 0% - 40%
44 Forward
1 - 0% - 60%
2 - 0% - 40%
44 Defense
1 - 0% - 60%
2 - 0% - 40%
Last Minute Offensive  - 0:00
Last Minute Defensive  - 0:00
Total
Forward - 60:00
Defense - 60:00

% Time on Ice - Panthers

Lines # - Real PCT - Wanted PCT - Time Play
Normal Forward
1 - 33% - 33% - 15:38
2 - 32% - 33% - 15:04
3 - 25% - 24% - 11:51
4 - 11% - 10% - 5:02
Normal Defense
1 - 39% - 40% - 18:32
2 - 37% - 40% - 17:31
3 - 24% - 20% - 11:25
4 - 0% - 0% - 0:07
PP Forward
1 - 40% - 50% - 2:37
2 - 60% - 50% - 3:51
PP Defense
1 - 46% - 50% - 3:00
2 - 54% - 50% - 3:28
PK Forward
1 - 73% - 60% - 4:22
2 - 27% - 40% - 1:35
PK Defense
1 - 31% - 60% - 1:49
2 - 69% - 40% - 4:08
PK3 Forward
1 - 0% - 60%
2 - 0% - 40%
PK3 Defense
1 - 0% - 60%
2 - 0% - 40%
44 Forward
1 - 0% - 50%
2 - 0% - 50%
44 Defense
1 - 0% - 60%
2 - 0% - 40%
Last Minute Offensive  - 0:00
Last Minute Defensive  - 0:00
Total
Forward - 60:00
Defense - 60:00

Play-by-Play

1st period


0:01 of 1st period - Aleksander Barkov wins face-off versus Sidney Crosby in neutral zone.
0:13 of 1st period - Icing by Sidney Crosby.
0:14 of 1st period - Dylan Larkin wins face-off versus Joonas Donskoi in Lightning zone.
1:17 of 1st period - Shot by Andrew Copp.
1:17 of 1st period - Stopped by Jaroslav Halak without a rebound.
1:18 of 1st period - Travis Zajac wins face-off versus Aleksander Barkov in Lightning zone.
2:21 of 1st period - Shot by Jeff Carter.
2:21 of 1st period - Shot Misses the Net.
3:37 of 1st period - Shot by Matt Calvert.
3:37 of 1st period - Shot Misses the Net.
3:48 of 1st period - Icing by Alexander Edler.
3:49 of 1st period - Sidney Crosby wins face-off versus Alex Ovechkin in Lightning zone.
5:05 of 1st period - Shot by Matthew Tkachuk.
5:05 of 1st period - Goal by Matthew Tkachuk - Lightning : 0 - Panthers : 1.
5:06 of 1st period - Jean-Gabriel Pageau wins face-off versus Logan Couture in neutral zone.
5:33 of 1st period - Jean-Gabriel Pageau is hit by Erik Gudbranson and loses puck.
5:49 of 1st period - Icing by Colton Parayko.
5:50 of 1st period - Jean-Gabriel Pageau wins face-off versus Travis Zajac in Panthers zone.
6:18 of 1st period - Icing by Jonathan Huberdeau.
6:19 of 1st period - Frederik Gauthier wins face-off versus Aleksander Barkov in Panthers zone.
6:26 of 1st period - Shot by Sidney Crosby.
6:26 of 1st period - Shot Misses the Net.
6:28 of 1st period - Shot by Frederik Gauthier.
6:28 of 1st period - Shot Misses the Net.
6:30 of 1st period - Shot by Pierre-Edouard Bellemare.
6:30 of 1st period - Stopped by Philipp Grubauer without a rebound.
6:31 of 1st period - Sidney Crosby wins face-off versus Dylan Larkin in Panthers zone.
6:55 of 1st period - Icing by Jason Demers.
6:56 of 1st period - Sidney Crosby wins face-off versus Aleksander Barkov in Lightning zone.
7:05 of 1st period - Jeff Petry is hit by Alex Killorn.
7:18 of 1st period - Icing by Zach Bogosian.
7:19 of 1st period - Dylan Larkin wins face-off versus Joonas Donskoi in Lightning zone.
7:24 of 1st period - Shot by Dylan Larkin.
7:24 of 1st period - Shot Misses the Net.
7:48 of 1st period - Shot by Dylan Larkin.
7:48 of 1st period - Shot Blocked by Jeff Carter.
7:57 of 1st period - Shot by Sebastian Aho.
7:57 of 1st period - Shot Misses the Net.
7:59 of 1st period - Shot by Sebastian Aho.
7:59 of 1st period - Shot Misses the Net.
8:37 of 1st period - Shot by Matthew Tkachuk.
8:37 of 1st period - Stopped by Jaroslav Halak without a rebound.
8:38 of 1st period - Nate Thompson wins face-off versus Travis Zajac in Lightning zone.
8:41 of 1st period - Shot by Derek Grant.
8:41 of 1st period - Stopped by Jaroslav Halak without a rebound.
8:42 of 1st period - Travis Zajac wins face-off versus Nate Thompson in Lightning zone.
8:57 of 1st period - Icing by Derek Grant.
8:58 of 1st period - Nate Thompson wins face-off versus Frederik Gauthier in Panthers zone.
9:09 of 1st period - Shot by Derek Grant.
9:09 of 1st period - Stopped by Jaroslav Halak without a rebound.
9:10 of 1st period - Travis Zajac wins face-off versus Aleksander Barkov in Lightning zone.
9:27 of 1st period - Shot by Travis Zajac.
9:27 of 1st period - Shot Misses the Net.
9:29 of 1st period - Shot by Travis Zajac.
9:29 of 1st period - Goal by Travis Zajac - Lightning : 1 - Panthers : 1.
9:30 of 1st period - Sidney Crosby wins face-off versus Jean-Gabriel Pageau in neutral zone.
9:33 of 1st period - Shot by Joonas Donskoi.
9:33 of 1st period - Shot Misses the Net.
9:39 of 1st period - Shot by Sidney Crosby.
9:39 of 1st period - Shot Misses the Net.
9:59 of 1st period - Shot by Jean-Gabriel Pageau.
9:59 of 1st period - Shot Misses the Net.
10:01 of 1st period - Shot by Colton Parayko.
10:01 of 1st period - Stopped by Jaroslav Halak without a rebound.
10:02 of 1st period - William Karlsson wins face-off versus Dylan Larkin in Lightning zone.
10:07 of 1st period - Sebastian Aho is hit by Jeff Carter and loses puck.
10:22 of 1st period - Shot by Alex Ovechkin.
10:22 of 1st period - Stopped by Jaroslav Halak without a rebound.
10:23 of 1st period - Aleksander Barkov wins face-off versus Travis Zajac in Lightning zone.
10:54 of 1st period - Zach Bogosian is hit by Matthew Tkachuk and loses puck.
11:00 of 1st period - Icing by Jason Demers.
11:01 of 1st period - Dylan Larkin wins face-off versus Travis Zajac in Lightning zone.
11:36 of 1st period - Shot by Dylan Larkin.
11:36 of 1st period - Goal by Dylan Larkin - Lightning : 1 - Panthers : 2.
11:37 of 1st period - Jean-Gabriel Pageau wins face-off versus Sidney Crosby in neutral zone.
11:40 of 1st period - Shot by Oskar Sundqvist.
11:40 of 1st period - Stopped by Jaroslav Halak without a rebound.
11:41 of 1st period - Jean-Gabriel Pageau wins face-off versus Sidney Crosby in Lightning zone.
11:42 of 1st period - Shot by Oskar Sundqvist.
11:42 of 1st period - Shot Misses the Net.
11:47 of 1st period - Off-side.
11:48 of 1st period - Sidney Crosby wins face-off versus Jean-Gabriel Pageau in neutral zone.
11:48 of 1st period - Sidney Crosby is hit by Andrew Copp.
12:03 of 1st period - Icing by Sidney Crosby.
12:04 of 1st period - Sidney Crosby wins face-off versus Aleksander Barkov in Lightning zone.
12:22 of 1st period - Icing by Jeff Petry.
12:23 of 1st period - Aleksander Barkov wins face-off versus William Karlsson in Panthers zone.
12:42 of 1st period - Shot by Jonathan Huberdeau.
12:42 of 1st period - Stopped by Jaroslav Halak without a rebound.
12:43 of 1st period - Dylan Larkin wins face-off versus Frederik Gauthier in Lightning zone.
12:48 of 1st period - Shot by Sebastian Aho.
12:48 of 1st period - Shot Misses the Net.
12:50 of 1st period - Shot by Samuel Girard.
12:50 of 1st period - Shot Misses the Net.
12:52 of 1st period - Shot by Dylan Larkin.
12:52 of 1st period - Stopped by Jaroslav Halak without a rebound.
12:53 of 1st period - Jean-Gabriel Pageau wins face-off versus William Karlsson in Lightning zone.
13:06 of 1st period - Shot by Oskar Sundqvist.
13:06 of 1st period - Stopped by Jaroslav Halak without a rebound.
13:07 of 1st period - Dylan Larkin wins face-off versus Sidney Crosby in Lightning zone.
13:22 of 1st period - Shot by Sidney Crosby.
13:22 of 1st period - Shot Misses the Net.
13:38 of 1st period - Shot by Alex Ovechkin.
13:38 of 1st period - Shot Blocked by Trevor Daley.
13:40 of 1st period - Shot by Sebastian Aho.
13:40 of 1st period - Stopped by Jaroslav Halak with a rebound.
14:30 of 1st period - Shot by Derek Grant.
14:30 of 1st period - Shot Blocked by Alexander Edler.
14:32 of 1st period - Shot by Derek Grant.
14:32 of 1st period - Deflect By Nate Thompson.
14:32 of 1st period - Shot Misses the Net.
14:34 of 1st period - Shot by Nate Thompson.
14:34 of 1st period - Stopped by Jaroslav Halak without a rebound.
14:35 of 1st period - Aleksander Barkov wins face-off versus Travis Zajac in Lightning zone.
14:35 of 1st period - Charlie McAvoy is hit by Zach Bogosian and loses puck.
14:55 of 1st period - Aleksander Barkov is hit by Zack Kassian and loses puck.
15:43 of 1st period - Icing by Zdeno Chara.
15:44 of 1st period - William Karlsson wins face-off versus Aleksander Barkov in Panthers zone.
15:45 of 1st period - Shot by Jeff Carter.
15:45 of 1st period - Stopped by Philipp Grubauer without a rebound.
15:46 of 1st period - Sidney Crosby wins face-off versus Jean-Gabriel Pageau in Panthers zone.
16:14 of 1st period - Icing by Erik Gudbranson.
16:15 of 1st period - Dylan Larkin wins face-off versus Sidney Crosby in Lightning zone.
16:30 of 1st period - Shot by Dylan Larkin.
16:30 of 1st period - Shot Misses the Net.
16:40 of 1st period - Shot by Dylan Larkin.
16:40 of 1st period - Shot Misses the Net.
17:53 of 1st period - Minor Penalty to Charlie McAvoy for Hooking.
17:54 of 1st period - Jean-Gabriel Pageau wins face-off versus Sidney Crosby in Panthers zone.
17:54 of 1st period - Jean-Gabriel Pageau is hit by Sidney Crosby.
18:27 of 1st period - Sidney Crosby is hit by Jean-Gabriel Pageau.
18:41 of 1st period - Shot by William Karlsson.
18:41 of 1st period - Shot Misses the Net.
18:43 of 1st period - Shot by Joonas Donskoi.
18:43 of 1st period - Stopped by Philipp Grubauer without a rebound.
18:44 of 1st period - William Karlsson wins face-off versus Derek Grant in Panthers zone.
18:44 of 1st period - Joonas Donskoi is hit by Jeff Petry.
18:50 of 1st period - Shot by William Karlsson.
18:50 of 1st period - Stopped by Philipp Grubauer without a rebound.
18:51 of 1st period - Sidney Crosby wins face-off versus Oskar Sundqvist in Panthers zone.
18:58 of 1st period - Shot by Logan Couture.
18:58 of 1st period - Shot Misses the Net.
19:00 of 1st period - Shot by Zach Bogosian.
19:00 of 1st period - Shot Misses the Net.
19:02 of 1st period - Shot by Logan Couture.
19:02 of 1st period - Stopped by Philipp Grubauer with a rebound.
19:04 of 1st period - Shot by Zach Bogosian.
19:04 of 1st period - Stopped by Philipp Grubauer without a rebound.
19:05 of 1st period - Derek Grant wins face-off versus William Karlsson in Panthers zone.
19:05 of 1st period - Derek Grant is hit by Jeff Carter.
19:29 of 1st period - Shot by Kevin Shattenkirk.
19:29 of 1st period - Stopped by Philipp Grubauer without a rebound.
19:30 of 1st period - Derek Grant wins face-off versus Sidney Crosby in Panthers zone.
19:30 of 1st period - Derek Grant is hit by Sidney Crosby.
19:50 of 1st period - Shot by Logan Couture.
19:50 of 1st period - Stopped by Philipp Grubauer without a rebound.
19:51 of 1st period - William Karlsson wins face-off versus Jean-Gabriel Pageau in Panthers zone.
Goals for this period are 1 for Lightning vs 2 for Panthers.
Shots for this period are 9 for Lightning vs 14 for Panthers.

2nd period


0:01 of 2nd period - Jean-Gabriel Pageau wins face-off versus Sidney Crosby in neutral zone.
1:30 of 2nd period - Shot by Aleksander Barkov.
1:30 of 2nd period - Deflect By Jonathan Huberdeau.
1:30 of 2nd period - Shot Blocked by Alexander Edler.
1:32 of 2nd period - Shot by Quinn Hughes.
1:32 of 2nd period - Stopped by Jaroslav Halak with a rebound.
1:51 of 2nd period - Icing by Charlie McAvoy.
1:52 of 2nd period - William Karlsson wins face-off versus Dylan Larkin in Panthers zone.
1:52 of 2nd period - William Karlsson is hit by Charlie McAvoy.
2:06 of 2nd period - Shot by Sebastian Aho.
2:06 of 2nd period - Deflect By Alex Ovechkin.
2:06 of 2nd period - Shot Misses the Net.
2:08 of 2nd period - Shot by Zdeno Chara.
2:08 of 2nd period - Shot Misses the Net.
2:22 of 2nd period - Shot by Sebastian Aho.
2:22 of 2nd period - Stopped by Jaroslav Halak without a rebound.
2:23 of 2nd period - Nate Thompson wins face-off versus Travis Zajac in Lightning zone.
2:39 of 2nd period - Icing by Trevor Daley.
2:40 of 2nd period - Travis Zajac wins face-off versus Aleksander Barkov in Lightning zone.
3:44 of 2nd period - Shot by Sebastian Aho.
3:44 of 2nd period - Stopped by Jaroslav Halak without a rebound.
3:45 of 2nd period - Jean-Gabriel Pageau wins face-off versus William Karlsson in Lightning zone.
3:45 of 2nd period - Jean-Gabriel Pageau is hit by Jason Demers.
3:48 of 2nd period - Minor Penalty to Jean-Gabriel Pageau for Hooking.
3:49 of 2nd period - William Karlsson wins face-off versus Aleksander Barkov in Panthers zone.
5:32 of 2nd period - Shot by Jason Demers.
5:32 of 2nd period - Stopped by Philipp Grubauer without a rebound.
5:33 of 2nd period - Derek Grant wins face-off versus Logan Couture in Panthers zone.
5:33 of 2nd period - Derek Grant is hit by Logan Couture.
5:49 of 2nd period - Shot by Jeff Skinner.
5:49 of 2nd period - Shot Misses the Net.
6:05 of 2nd period - Shot by Jeff Skinner.
6:05 of 2nd period - Stopped by Philipp Grubauer with a rebound.
6:15 of 2nd period - Shot by Zack Kassian.
6:15 of 2nd period - Stopped by Philipp Grubauer without a rebound.
6:16 of 2nd period - Matthew Tkachuk wins face-off versus Frederik Gauthier in Panthers zone.
6:27 of 2nd period - Shot by Matthew Tkachuk.
6:27 of 2nd period - Shot Blocked by Jason Demers.
7:53 of 2nd period - Alex Ovechkin is hit by Erik Gudbranson and loses puck.
8:31 of 2nd period - Minor Penalty to Zdeno Chara for Tripping.
8:32 of 2nd period - Jean-Gabriel Pageau wins face-off versus William Karlsson in Panthers zone.
8:53 of 2nd period - Shot by Joonas Donskoi.
8:53 of 2nd period - Shot Blocked by Oskar Sundqvist.
9:01 of 2nd period - Shot by William Karlsson.
9:01 of 2nd period - Shot Blocked by Charlie McAvoy.
9:21 of 2nd period - Shot by Sidney Crosby.
9:21 of 2nd period - Stopped by Philipp Grubauer with a rebound.
9:23 of 2nd period - Shot by Alexander Edler.
9:23 of 2nd period - Stopped by Philipp Grubauer without a rebound.
9:24 of 2nd period - Derek Grant wins face-off versus Sidney Crosby in Panthers zone.
9:24 of 2nd period - Samuel Girard is hit by Sidney Crosby and loses puck.
9:53 of 2nd period - Shot by Logan Couture.
9:53 of 2nd period - Stopped by Philipp Grubauer without a rebound.
9:54 of 2nd period - Jean-Gabriel Pageau wins face-off versus William Karlsson in Panthers zone.
10:11 of 2nd period - Shot by Jeff Carter.
10:11 of 2nd period - Stopped by Philipp Grubauer without a rebound.
10:12 of 2nd period - Sidney Crosby wins face-off versus Jean-Gabriel Pageau in Panthers zone.
10:15 of 2nd period - Shot by Sidney Crosby.
10:15 of 2nd period - Stopped by Philipp Grubauer with a rebound.
10:17 of 2nd period - Shot by Kevin Shattenkirk.
10:17 of 2nd period - Shot Misses the Net.
10:41 of 2nd period - Shot by Jeff Skinner.
10:41 of 2nd period - Stopped by Philipp Grubauer without a rebound.
10:42 of 2nd period - Aleksander Barkov wins face-off versus Travis Zajac in Panthers zone.
11:17 of 2nd period - Shot by Jeff Skinner.
11:17 of 2nd period - Stopped by Philipp Grubauer without a rebound.
11:18 of 2nd period - Dylan Larkin wins face-off versus Joonas Donskoi in Panthers zone.
11:23 of 2nd period - Shot by Sebastian Aho.
11:23 of 2nd period - Shot Blocked by Alex Killorn.
11:35 of 2nd period - Shot by Joonas Donskoi.
11:35 of 2nd period - Shot Misses the Net.
11:37 of 2nd period - Shot by Joonas Donskoi.
11:37 of 2nd period - Shot Blocked by Charlie McAvoy.
11:39 of 2nd period - Shot by Joonas Donskoi.
11:39 of 2nd period - Stopped by Philipp Grubauer without a rebound.
11:40 of 2nd period - William Karlsson wins face-off versus Jean-Gabriel Pageau in Panthers zone.
12:03 of 2nd period - Shot by Logan Couture.
12:03 of 2nd period - Shot Misses the Net.
12:09 of 2nd period - Shot by Jeff Carter.
12:09 of 2nd period - Deflect By Logan Couture.
12:09 of 2nd period - Goal by Logan Couture - Lightning : 2 - Panthers : 2.
12:10 of 2nd period - Sidney Crosby wins face-off versus Dylan Larkin in neutral zone.
14:18 of 2nd period - Icing by Charlie McAvoy.
14:19 of 2nd period - Frederik Gauthier wins face-off versus Jean-Gabriel Pageau in Panthers zone.
14:22 of 2nd period - Shot by Sidney Crosby.
14:22 of 2nd period - Stopped by Philipp Grubauer without a rebound.
14:23 of 2nd period - Nate Thompson wins face-off versus Sidney Crosby in Panthers zone.
14:23 of 2nd period - Nate Thompson is hit by Joonas Donskoi.
14:26 of 2nd period - Derek Grant is hit by Alex Killorn and loses puck.
14:37 of 2nd period - Icing by Kevin Shattenkirk.
14:38 of 2nd period - Sidney Crosby wins face-off versus Jean-Gabriel Pageau in Lightning zone.
14:38 of 2nd period - Sidney Crosby is hit by Jean-Gabriel Pageau.
14:54 of 2nd period - Shot by Andrew Copp.
14:54 of 2nd period - Stopped by Jaroslav Halak with a rebound.
15:16 of 2nd period - Shot by Jean-Gabriel Pageau.
15:16 of 2nd period - Stopped by Jaroslav Halak without a rebound.
15:17 of 2nd period - Dylan Larkin wins face-off versus William Karlsson in Lightning zone.
15:17 of 2nd period - Minor Penalty to Jason Demers for Interference.
15:18 of 2nd period - Travis Zajac wins face-off versus Jonathan Huberdeau in Lightning zone.
16:11 of 2nd period - Zach Bogosian is hit by Alex Ovechkin and loses puck.
16:16 of 2nd period - Shot by Alex Ovechkin.
16:16 of 2nd period - Deflect By Sebastian Aho.
16:16 of 2nd period - Stopped by Jaroslav Halak without a rebound.
16:17 of 2nd period - Dylan Larkin wins face-off versus Frederik Gauthier in Lightning zone.
16:17 of 2nd period - Dylan Larkin is hit by Erik Gudbranson.
16:33 of 2nd period - Shot by Colton Parayko.
16:33 of 2nd period - Stopped by Jaroslav Halak with a rebound.
16:47 of 2nd period - Icing by Dylan Larkin.
16:48 of 2nd period - Dylan Larkin wins face-off versus Travis Zajac in Panthers zone.
17:20 of 2nd period - Alex Ovechkin is hit by Jeff Carter and loses puck.
17:36 of 2nd period - Shot by Matthew Tkachuk.
17:36 of 2nd period - Stopped by Jaroslav Halak without a rebound.
17:37 of 2nd period - Sidney Crosby wins face-off versus Jean-Gabriel Pageau in Lightning zone.
17:37 of 2nd period - Sidney Crosby is hit by Jean-Gabriel Pageau.
17:51 of 2nd period - Zach Bogosian is hit by Oskar Sundqvist and loses puck.
19:17 of 2nd period - Minor Penalty to Jeff Carter for Holding.
19:18 of 2nd period - Travis Zajac wins face-off versus Dylan Larkin in Lightning zone.
19:18 of 2nd period - Travis Zajac is hit by Alex Ovechkin.
19:28 of 2nd period - Shot by Samuel Girard.
19:28 of 2nd period - Stopped by Jaroslav Halak without a rebound.
19:29 of 2nd period - Travis Zajac wins face-off versus Dylan Larkin in Lightning zone.
19:42 of 2nd period - Shot by Sebastian Aho.
19:42 of 2nd period - Deflect By Dylan Larkin.
19:42 of 2nd period - Stopped by Jaroslav Halak without a rebound.
19:43 of 2nd period - Dylan Larkin wins face-off versus Travis Zajac in Lightning zone.
19:48 of 2nd period - Shot by Alex Ovechkin.
19:48 of 2nd period - The goal is going for a video replay.
19:48 of 2nd period - The goal is good.
19:48 of 2nd period - Goal by Alex Ovechkin - Lightning : 2 - Panthers : 3.
19:49 of 2nd period - William Karlsson wins face-off versus Andrew Copp in neutral zone.
19:52 of 2nd period - Shot by Erik Gudbranson.
19:52 of 2nd period - Shot Misses the Net.
Goals for this period are 1 for Lightning vs 1 for Panthers.
Shots for this period are 13 for Lightning vs 11 for Panthers.

3rd period


0:01 of 3rd period - Dylan Larkin wins face-off versus William Karlsson in neutral zone.
0:16 of 3rd period - Shot by Sebastian Aho.
0:16 of 3rd period - The goal is going for a video replay.
0:16 of 3rd period - The goal is good.
0:16 of 3rd period - Goal by Sebastian Aho - Lightning : 2 - Panthers : 4.
0:17 of 3rd period - Aleksander Barkov wins face-off versus Alex Killorn in neutral zone.
0:53 of 3rd period - Shot by Matthew Tkachuk.
0:53 of 3rd period - Shot Misses the Net.
0:55 of 3rd period - Shot by Aleksander Barkov.
0:55 of 3rd period - Shot Misses the Net.
1:29 of 3rd period - Shot by Colton Parayko.
1:29 of 3rd period - Deflect By Alex Ovechkin.
1:29 of 3rd period - Shot Misses the Net.
1:31 of 3rd period - Shot by Colton Parayko.
1:31 of 3rd period - Shot Blocked by Alex Killorn.
1:46 of 3rd period - Dylan Larkin is hit by Zach Bogosian and loses puck.
2:09 of 3rd period - Shot by Jean-Gabriel Pageau.
2:09 of 3rd period - Stopped by Jaroslav Halak without a rebound.
2:10 of 3rd period - Nate Thompson wins face-off versus William Karlsson in Lightning zone.
2:31 of 3rd period - Shot by William Karlsson.
2:31 of 3rd period - Shot Blocked by Jeff Petry.
3:00 of 3rd period - Minor Penalty to Erik Gudbranson for Roughing.
3:01 of 3rd period - Travis Zajac wins face-off versus Matthew Tkachuk in Lightning zone.
3:12 of 3rd period - Alexander Edler is hit by Matthew Tkachuk and loses puck.
3:35 of 3rd period - Shot by Samuel Girard.
3:35 of 3rd period - Shot Misses the Net.
3:37 of 3rd period - Shot by Samuel Girard.
3:37 of 3rd period - Stopped by Jaroslav Halak without a rebound.
3:38 of 3rd period - Travis Zajac wins face-off versus Dylan Larkin in Lightning zone.
3:38 of 3rd period - Travis Zajac is hit by Sebastian Aho.
4:28 of 3rd period - Quinn Hughes is hit by Alex Killorn and loses puck.
5:25 of 3rd period - Shot by Logan Couture.
5:25 of 3rd period - Shot Blocked by Charlie McAvoy.
5:27 of 3rd period - Shot by Logan Couture.
5:27 of 3rd period - Stopped by Philipp Grubauer without a rebound.
5:28 of 3rd period - Frederik Gauthier wins face-off versus Aleksander Barkov in Panthers zone.
5:39 of 3rd period - Shot by Aleksander Barkov.
5:39 of 3rd period - Shot Misses the Net.
6:55 of 3rd period - Shot by William Karlsson.
6:55 of 3rd period - Shot Blocked by Zdeno Chara.
7:43 of 3rd period - Icing by Zach Bogosian.
7:44 of 3rd period - William Karlsson wins face-off versus Sebastian Aho in Lightning zone.
7:59 of 3rd period - Shot by Dylan Larkin.
7:59 of 3rd period - Shot Blocked by Zach Bogosian.
8:05 of 3rd period - William Karlsson is hit by Dylan Larkin and loses puck.
8:26 of 3rd period - Icing by Joonas Donskoi.
8:27 of 3rd period - Alex Killorn wins face-off versus Aleksander Barkov in Lightning zone.
8:47 of 3rd period - Shot by Matthew Tkachuk.
8:47 of 3rd period - Shot Blocked by Erik Gudbranson.
8:51 of 3rd period - Shot by Matthew Tkachuk.
8:51 of 3rd period - Goal by Matthew Tkachuk - Lightning : 2 - Panthers : 5.
8:52 of 3rd period - Travis Zajac wins face-off versus Jean-Gabriel Pageau in neutral zone.
8:55 of 3rd period - Jean-Gabriel Pageau is hit by Zack Kassian and loses puck.
9:10 of 3rd period - Shot by Andrew Copp.
9:10 of 3rd period - Goal by Andrew Copp - Lightning : 2 - Panthers : 6.
9:11 of 3rd period - Dylan Larkin wins face-off versus Frederik Gauthier in neutral zone.
9:17 of 3rd period - Colton Parayko is hit by Erik Gudbranson.
9:20 of 3rd period - Icing by Pierre-Edouard Bellemare.
9:21 of 3rd period - Frederik Gauthier wins face-off versus Aleksander Barkov in Lightning zone.
9:21 of 3rd period - Frederik Gauthier is hit by Jonathan Huberdeau.
9:46 of 3rd period - Shot by Aleksander Barkov.
9:46 of 3rd period - Shot Misses the Net.
9:48 of 3rd period - Shot by Jeff Petry.
9:48 of 3rd period - Goal by Jeff Petry - Lightning : 2 - Panthers : 7.
9:48 of 3rd period - Elvis Merzlikins enters game.
9:49 of 3rd period - Dylan Larkin wins face-off versus Travis Zajac in neutral zone.
10:08 of 3rd period - Shot by Sebastian Aho.
10:08 of 3rd period - Stopped by Elvis Merzlikins without a rebound.
10:09 of 3rd period - Sidney Crosby wins face-off versus Jean-Gabriel Pageau in Lightning zone.
10:33 of 3rd period - Sidney Crosby is hit by Oskar Sundqvist and loses puck.
11:05 of 3rd period - Off-side.
11:06 of 3rd period - Aleksander Barkov wins face-off versus William Karlsson in neutral zone.
11:08 of 3rd period - Off-side.
11:09 of 3rd period - Dylan Larkin wins face-off versus William Karlsson in neutral zone.
11:16 of 3rd period - Shot by Alex Ovechkin.
11:16 of 3rd period - Shot Misses the Net.
11:27 of 3rd period - Minor Penalty to Kevin Shattenkirk for Slashing.
11:28 of 3rd period - Aleksander Barkov wins face-off versus Travis Zajac in Lightning zone.
12:28 of 3rd period - Shot by Colton Parayko.
12:28 of 3rd period - Stopped by Elvis Merzlikins with a rebound.
12:30 of 3rd period - Shot by Colton Parayko.
12:30 of 3rd period - Stopped by Elvis Merzlikins without a rebound.
12:31 of 3rd period - Dylan Larkin wins face-off versus Travis Zajac in Lightning zone.
12:47 of 3rd period - Shot by Samuel Girard.
12:47 of 3rd period - Shot Blocked by Zach Bogosian.
12:49 of 3rd period - Shot by Colton Parayko.
12:49 of 3rd period - Shot Misses the Net.
12:55 of 3rd period - Shot by Alex Ovechkin.
12:55 of 3rd period - Shot Misses the Net.
12:57 of 3rd period - Shot by Samuel Girard.
12:57 of 3rd period - Shot Misses the Net.
13:01 of 3rd period - Shot by Sebastian Aho.
13:01 of 3rd period - Deflect By Dylan Larkin.
13:01 of 3rd period - Shot Misses the Net.
13:03 of 3rd period - Shot by Samuel Girard.
13:03 of 3rd period - Stopped by Elvis Merzlikins with a rebound.
13:23 of 3rd period - Quinn Hughes is hit by Travis Zajac and loses puck.
13:58 of 3rd period - Shot by Oskar Sundqvist.
13:58 of 3rd period - Shot Misses the Net.
14:00 of 3rd period - Shot by Jean-Gabriel Pageau.
14:00 of 3rd period - Stopped by Elvis Merzlikins without a rebound.
14:01 of 3rd period - Nate Thompson wins face-off versus William Karlsson in Lightning zone.
14:19 of 3rd period - Icing by Kevin Shattenkirk.
14:20 of 3rd period - William Karlsson wins face-off versus Jonathan Huberdeau in Lightning zone.
14:20 of 3rd period - Kevin Shattenkirk is hit by Matthew Tkachuk and loses puck.
14:29 of 3rd period - Shot by William Karlsson.
14:29 of 3rd period - Stopped by Philipp Grubauer without a rebound.
14:30 of 3rd period - Dylan Larkin wins face-off versus Sidney Crosby in Panthers zone.
14:58 of 3rd period - Off-side.
14:59 of 3rd period - William Karlsson wins face-off versus Matthew Tkachuk in neutral zone.
15:10 of 3rd period - Shot by William Karlsson.
15:10 of 3rd period - Shot Misses the Net.
15:12 of 3rd period - Shot by Kevin Shattenkirk.
15:12 of 3rd period - Deflect By William Karlsson.
15:12 of 3rd period - Stopped by Philipp Grubauer with a rebound.
15:14 of 3rd period - Shot by Kevin Shattenkirk.
15:14 of 3rd period - Stopped by Philipp Grubauer without a rebound.
15:15 of 3rd period - Andrew Copp wins face-off versus Travis Zajac in Panthers zone.
15:26 of 3rd period - Icing by Zach Bogosian.
15:27 of 3rd period - Travis Zajac wins face-off versus Dylan Larkin in Lightning zone.
15:38 of 3rd period - Shot by Zack Kassian.
15:38 of 3rd period - Shot Misses the Net.
16:38 of 3rd period - Shot by Quinn Hughes.
16:38 of 3rd period - Shot Misses the Net.
16:40 of 3rd period - Shot by Jeff Petry.
16:40 of 3rd period - Stopped by Elvis Merzlikins without a rebound.
16:41 of 3rd period - William Karlsson wins face-off versus Andrew Copp in Lightning zone.
16:58 of 3rd period - Shot by William Karlsson.
16:58 of 3rd period - Stopped by Philipp Grubauer with a rebound.
17:20 of 3rd period - Off-side.
17:21 of 3rd period - Dylan Larkin wins face-off versus Sidney Crosby in neutral zone.
17:26 of 3rd period - Icing by Alex Killorn.
17:27 of 3rd period - Sidney Crosby wins face-off versus Dylan Larkin in Lightning zone.
17:36 of 3rd period - Shot by Sidney Crosby.
17:36 of 3rd period - Shot Misses the Net.
17:54 of 3rd period - Shot by Sebastian Aho.
17:54 of 3rd period - Deflect By Dylan Larkin.
17:54 of 3rd period - Stopped by Elvis Merzlikins without a rebound.
17:55 of 3rd period - Aleksander Barkov wins face-off versus William Karlsson in Lightning zone.
17:59 of 3rd period - Icing by Logan Couture.
18:00 of 3rd period - Aleksander Barkov wins face-off versus William Karlsson in Lightning zone.
18:05 of 3rd period - Shot by Aleksander Barkov.
18:05 of 3rd period - Stopped by Elvis Merzlikins with a rebound.
18:07 of 3rd period - Shot by Jonathan Huberdeau.
18:07 of 3rd period - Deflect By Matthew Tkachuk.
18:07 of 3rd period - Shot Blocked by William Karlsson.
18:34 of 3rd period - Shot by Aleksander Barkov.
18:34 of 3rd period - Shot Misses the Net.
18:56 of 3rd period - Shot by Sidney Crosby.
18:56 of 3rd period - Stopped by Philipp Grubauer without a rebound.
18:57 of 3rd period - Dylan Larkin wins face-off versus Zack Kassian in Panthers zone.
19:35 of 3rd period - Shot by Jeff Skinner.
19:35 of 3rd period - Shot Misses the Net.
Goals for this period are 0 for Lightning vs 4 for Panthers.
Shots for this period are 6 for Lightning vs 14 for Panthers.